 Dungeon Crawl Stone Soup version 0.22-a0-897-g1b7a381375 (webtiles) character file.

8103 Mirvelgyr the Cleaver (level 11, -17/100 HPs)
             Began as a Deep Dwarf Fighter on July 31, 2018.
             Was a Believer of Makhleb.
             Demolished by a spatial maelstrom (20 damage)
             ... on level 2 of the Abyss.
             The game lasted 00:14:59 (8106 turns).

Mirvelgyr the Cleaver (Deep Dwarf Fighter)          Turns: 8106, Time: 00:15:00

Health: -17/100    AC: 14    Str: 24    XL:     11   Next: 5%
Magic:  7/7        EV:  7    Int:  8    God:    Makhleb [**....]
Gold:   440        SH: 12    Dex: 12    Spells: 10/10 levels left

rFire    . . .     SeeInvis .   E - +1 hand axe (flame)
rCold    . . .     Gourm    .   c - +0 shield
rNeg     + . .     Faith    .   C - +0 chain mail
rPois    .         Spirit   .   m - +0 helmet
rElec    .         Reflect  .   B - +0 cloak
rCorr    .         Harm     .   (no gloves)
MR       +....                  (no boots)
Stlth    ..........             (no amulet)
HPRegen  0.00/turn              h - ring of positive energy
MPRegen  0.10/turn              (no ring)

@: marked, non-regenerating, slowed, drained, very slow
A: damage resistance, heal wounds, sense surroundings 2, no regeneration
a: Heal Wounds, Minor Destruction, Renounce Religion


You were on level 2 of the Abyss.
You worshipped Makhleb.
Makhleb was pleased with you.
You were not hungry.

You visited 2 branches of the dungeon, and saw 11 of its levels.
You visited the Abyss 1 time.

You collected 440 gold pieces.

Inventory:

Hand Weapons
 E - a +1 hand axe of flaming (weapon)
Armour
 c - a +0 shield (worn)
 m - a +0 helmet (worn)
 B - a +0 cloak (worn)
 C - a +0 chain mail (worn)
Jewellery
 d - an uncursed ring of protection from magic {unknown}
 h - a ring of positive energy (left hand)
 t - an uncursed amulet of faith
Wands
 n - a wand of random effects (25)
 p - a wand of acid (9)
 v - a wand of iceblast (24)
 F - a wand of clouds (5)
Scrolls
 a - a scroll of fog {unknown}
 e - 3 scrolls of fear
 g - 6 scrolls of magic mapping
 i - 3 scrolls of enchant armour {unknown}
 j - 2 scrolls of amnesia {unknown}
 k - 2 scrolls of enchant weapon
 o - 2 scrolls of blinking {unknown}
 r - 2 scrolls of remove curse
 u - 6 scrolls of teleportation
 w - a scroll of vulnerability {unknown}
 y - 2 scrolls of holy word {unknown}
 A - 2 scrolls of immolation {unknown}
 D - a scroll of brand weapon {unknown}
 I - a scroll of acquirement {unknown}
Potions
 b - a potion of degeneration {unknown}
 l - 3 potions of curing
 q - a potion of haste {unknown}
 x - a potion of magic {unknown}
 z - a potion of agility
 H - a potion of lignification {unknown}
Comestibles
 f - 22 rations
 G - 6 chunks of flesh


   Skills:
 + Level 7.5(7.4) Fighting
 * Level 11.9(11.7) Axes
 + Level 9.1(8.9) Armour
 + Level 9.1(9.0) Shields


You had 10 spell levels left.
You didn't know any spells.
Your spell library was empty.

Dungeon Overview and Level Annotations

Branches:
Dungeon (10/15)            Temple (1/1) D:6            Lair (0/6) D:9
    Orc: D:9-12

Altars:
Ashenzari
Cheibriados
Dithmenos
Elyvilon
Fedhas
Hepliaklqana
Kikubaaqudgha
Makhleb
Nemelex Xobeh
Qazlal
Ru
Sif Muna
Trog
Uskayaw
Vehumet
Wu Jian
Xom
Yredelemnul
The Shining One

Shops:
D:7 %==[(   D:8 (

Annotations:
D:10 Sonja


Innate Abilities, Weirdness & Mutations

You are resistant to damage.
You can heal yourself by infusing magical energy.
You passively map the area around you.
You do not regenerate.


Message History

The spatial maelstrom is lightly damaged.
Your shield and chain mail prevent you from hitting the thrashing horror.
You hit the spatial vortex. You burn the spatial vortex.
You block the thrashing horror's attack.
The thrashing horror tramples you.
You hold your ground!
A spatial vortex comes into view.
The thrashing horror tramples you but does no damage.
The thrashing horror tramples you.
You hold your ground!
You block the spatial maelstrom's attack.
The spatial maelstrom hits you!
* * * LOW HITPOINT WARNING * * *
The spatial vortex hits you but does no damage.
You block the thrashing horror's attack.
The thrashing horror tramples you but does no damage.
Some of the chunks of flesh in your inventory have rotted away.
A spatial vortex comes into view.
The spatial maelstrom hits you!
* * * LOW HITPOINT WARNING * * *
Space warps horribly around you!
You die...

#X.##.## . .#
#X#t#.##. .
#)XX.#.#. #
#ยง#XX#.# .#
#X##X#.##.##.#
.#.3X#####..#
. #.#.#.......
X.#.#X#.v# #.
.# .#vv@#. .
####..#
#.......
##v...#.#
#.##.## ## ..#
# ..v # # #.#
..


You could see 4 starcursed masses, a tentacled starspawn, a spatial maelstrom, 4
spatial vortices, an apocalypse crab, 2 thrashing horrors and a smoke demon.

Vanquished Creatures
  Harold (D:10)
  A two-headed ogre (D:8)
  A large abomination (Abyss:2)
  Pikel (D:5)
  A troll (D:9)
  3 hippogriffs
  Sigmund (D:5)
  Menkaure (D:5)
  A water moccasin (D:9)
  3 sky beasts
  5 black bears
  3 necrophages
  2 ice beasts
  2 phantoms
  2 ogres
  2 centaurs
  8 bullfrogs
  A gnoll sergeant (D:9)
  4 scorpions
  4 killer bees (D:8)
  7 wights
  4 howler monkeys
  A centaur zombie (D:5)
  5 crimson imps
  2 bullfrog zombies (D:8)
  4 jellies (D:8)
  2 hounds (D:6)
  4 centaur skeletons
  6 orc priests
  4 orc wizards
  3 bullfrog skeletons
  3 iguanas
  6 worker ants
  2 mummies (D:8)
  A worker ant zombie (D:6)
  7 gnolls
  8 adders
  3 shadow imps
  5 oozes (D:8)
  An adder zombie (D:5)
  2 adder skeletons (D:4)
  3 worms
  5 leopard geckos
  20 orcs
  4 giant cockroaches
  8 hobgoblins
  9 jackals
  3 quokkas
  7 bats
  7 frilled lizards
  8 goblins
  11 kobolds
  A quokka zombie (D:10)
  6 rats
  A fungus (D:9)
220 creatures vanquished.

Vanquished Creatures (others)
  A worldbinder (Abyss:2)
  A human (D:3)
  An orc wizard (D:5)
  22 fungi (D:9)
  4 plants (D:9)
  3 starspawn tentacles (Abyss:2)
32 creatures vanquished.

Grand Total: 252 creatures vanquished

Notes
Turn   | Place    | Note
-------+----------+-------------------------------------------
     0 | D:1      | Mirvelgyr the Deep Dwarf Fighter began the quest for the Orb.
     0 | D:1      | Reached XP level 1. HP: 20/20 MP: 1/1
   185 | D:1      | Reached XP level 2. HP: 25/27 MP: 2/2
   810 | D:2      | Reached skill level 3 in Axes
   837 | D:2      | Reached XP level 3. HP: 21/33 MP: 3/3
   892 | D:2      | Found a hide-covered altar of Uskayaw.
  1049 | D:2      | Found a bloodstained altar of Trog.
  1151 | D:2      | Found a radiant altar of Vehumet.
  1394 | D:2      | Reached XP level 4. HP: 10/42 MP: 4/4
  1656 | D:3      | Noticed a phantom
  1702 | D:3      | Killed a phantom
  1702 | D:3      | Reached skill level 4 in Axes
  1702 | D:3      | Reached XP level 5. HP: 15/49 MP: 5/5
  2073 | D:3      | Found an ancient bone altar of Kikubaaqudgha.
  2075 | D:3      | Noticed a human
  2076 | D:3      | Killed a human
  2409 | D:4      | Reached XP level 6. HP: 50/56 MP: 6/6
  2419 | D:4      | Found a hazy altar of Hepliaklqana.
  2660 | D:4      | Found a sparkling altar of Nemelex Xobeh.
  2864 | D:4      | Reached skill level 5 in Axes
  2905 | D:5      | Entered Level 5 of the Dungeon
  2957 | D:5      | Noticed an ice beast
  2972 | D:5      | Killed an ice beast
  3001 | D:5      | Noticed Sigmund
  3019 | D:5      | Killed Sigmund
  3019 | D:5      | Reached skill level 5 in Armour
  3019 | D:5      | Reached skill level 5 in Shields
  3019 | D:5      | Reached XP level 7. HP: 41/64 MP: 7/7
  3211 | D:5      | Reached skill level 6 in Axes
  3493 | D:5      | Noticed Menkaure
  3501 | D:5      | Killed Menkaure
  3501 | D:5      | Reached XP level 8. HP: 40/73 MP: 7/7
  3563 | D:5      | Found a shadowy altar of Dithmenos.
  3571 | D:5      | Reached skill level 7 in Axes
  3831 | D:5      | Noticed Pikel
  3846 | D:5      | Killed Pikel
  3846 | D:5      | Reached skill level 5 in Fighting
  3846 | D:5      | Reached skill level 8 in Axes
  4118 | D:6      | Gained mutation: You passively map the area around you. [Deep Dwarf growth]
  4118 | D:6      | Reached XP level 9. HP: 53/81 MP: 8/8
  4182 | D:6      | Found a staircase to the Ecumenical Temple.
  4280 | Temple   | Entered the Ecumenical Temple
  4394 | Temple   | Became a worshipper of Makhleb the Destroyer
  5201 | D:7      | Found Paukiar's Jewellery Emporium.
  5374 | D:7      | Found Ihafiam's Food Shoppe.
  5536 | D:7      | Reached skill level 9 in Axes
  5537 | D:7      | Found Esui's Antique Weapon Shoppe.
  5615 | D:7      | Found Fistovon's Jewellery Emporium.
  5794 | D:7      | Found Wourit's Antique Armour Shop.
  6097 | D:8      | Reached * piety under Makhleb
  6155 | D:8      | Found Kehuv's Antique Weapon Shoppe.
  6214 | D:8      | Reached skill level 10 in Axes
  6315 | D:8      | Noticed a two-headed ogre
  6328 | D:8      | Killed a two-headed ogre
  6328 | D:8      | Reached XP level 10. HP: 45/92 MP: 8/8
  6845 | D:9      | Found a blossoming altar of Fedhas.
  7073 | D:9      | Reached ** piety under Makhleb
  7076 | D:9      | Found a staircase to the Lair.
  7094 | D:9      | Reached skill level 11 in Axes
  7773 | D:10     | Entered Level 10 of the Dungeon
  7969 | D:10     | Noticed Sonja
  7969 | D:10     | Noticed Harold
  8003 | D:10     | Killed Harold
  8026 | D:10     | Cast into level 2 of the Abyss (Sonja)
  8049 | Abyss:2  | Noticed a large abomination
  8061 | Abyss:2  | Killed a large abomination
  8061 | Abyss:2  | Reached XP level 11. HP: 68/100 MP: 7/7
  8062 | Abyss:2  | Noticed a thrashing horror
  8062 | Abyss:2  | Noticed a thrashing horror
  8088 | Abyss:2  | Noticed a tentacled starspawn
  8101 | Abyss:2  | Noticed a starcursed mass
  8103 | Abyss:2  | Noticed a spatial maelstrom
  8106 | Abyss:2  | HP: 3/100 [spatial maelstrom (4)]
  8106 | Abyss:2  | Demolished by a spatial maelstrom

Vault maps used:
D:1:      minmay_arrival_semitransparent
D:2:      lightli_temple_of_fire, overflow_temple_1_default,
          nicolae_overflow_crystal_walls
D:3:      tgw_kikubaaqudgha
D:4:      kennysheep_mini_moat, lemuel_crystal_altar
D:5:      lemuel_crystal_altar, first_ration, kennysheep_cross_room,
          uniq_menkaure, uniq_sigmund, uniq_pikel
D:6:      temple_doors_e, minivault_19, hangedman_abyss_or_decor_stagger
D:7:      serial_shops, shop, shop, nicolae_shop_overgrown_old_shop, shop, shop,
          eino_curves_03
D:8:      serial_shops, shop, serial_undead, serial_undead_a, serial_undead_f,
          serial_undead_f, serial_undead_a, serial_undead_f, serial_undead_a,
          hangedman_little_slice_of_home
D:9:      fedhas_altar_3, due_lair_maze_entry_diamond, minmay_door_square,
          serial_bayou_crossing
D:10:     uniq_sonja, uniq_harold, uniq_gastronok
Temple:   dpeg_chambers_temple
Abyss:2:  hangedman_abyss_or_decor_passed, evilmike_abyss_exit_16,
          evilmike_abyss_exit_10

Skill      XL: |  1  2  3  4  5  6  7  8  9 10 |
---------------+-------------------------------+-----
Axes           | 3 4 5 6 8 10 11 | 11.9
Fighting       | 3 4 5 6 7 |  7.5
Armour         | 4 5 6 8 9 |  9.1
Shields        | 4 5 6 8 9 |  9.1

Action                   |  1- 3 |  4- 6 |  7- 9 | 10-12 || total
-------------------------+-------+-------+-------+-------++-------
Melee: War axe           |   166 |   145 |   298 |       ||   609
       Hand axe          |       |       |   140 |   280 ||   420
 Abil: Heal Wounds       |       |     3 |     7 |     6 ||    16
  Use: Scroll            |       |     5 |     2 |     2 ||     9
       Potion            |       |     1 |     1 |     5 ||     7
  Eat: Chunk             |     2 |     2 |     8 |     6 ||    18
       Ration            |       |     1 |     1 |       ||     2
Armor: Scale mail        |    40 |       |       |       ||    40
       Chain mail        |    54 |    78 |   189 |   151 ||   472
Dodge: Dodged            |    47 |    26 |   104 |    92 ||   269
Block: Shield            |   103 |    72 |   233 |   174 ||   582

Table legend:
 A = Spawn XP
 B = Non-spawn XP
 C = Spawn XP percentage of total XP
 D = Spawn monster count
 E = Non-spawn monster count
 F = Spawn count percentage of total count
 G = Total turns spent on level
                    A         B        C        D         E        F      G
               +---------+---------+-------+---------+---------+-------+---------
         Total |    1149 |   10428 |   9.9 |       5 |     215 |   2.3 |  8106
               +---------+---------+-------+---------+---------+-------+---------
           D:1 |       0 |      16 |   0.0 |       0 |      11 |   0.0 |   539
           D:2 |       0 |      83 |   0.0 |       0 |      35 |   0.0 |  1073
           D:3 |       0 |     187 |   0.0 |       0 |      17 |   0.0 |   593
           D:4 |       0 |     236 |   0.0 |       0 |      12 |   0.0 |   700
           D:5 |       0 |    1828 |   0.0 |       0 |      28 |   0.0 |  1077
           D:6 |       0 |     699 |   0.0 |       0 |      17 |   0.0 |  1046
           D:7 |       0 |     913 |   0.0 |       0 |      13 |   0.0 |   793
           D:8 |       0 |    2821 |   0.0 |       0 |      38 |   0.0 |   873
           D:9 |       0 |    2060 |   0.0 |       0 |      32 |   0.0 |   928
          D:10 |       0 |    1585 |   0.0 |       0 |      12 |   0.0 |   253
       Abyss:2 |    1149 |       0 | 100.0 |       5 |       0 | 100.0 |    80
               +---------+---------+-------+---------+---------+-------+---------
